 Dungeon Crawl Stone Soup version bcrawl-1.22 (webtiles) character file.

Game seed: 9274998633974586905

43 Morbidden the Gusty (level 3, -3/28 HPs)
             Began as a Draconian Air Elementalist on May 21, 2020.
             Slain by a sky beast (5 damage)
             ... on level 2 of the Dungeon.
             The game lasted 00:02:55 (2175 turns).

Morbidden the Gusty (Draconian Air Elementalist)    Turns: 2175, Time: 00:02:55

Health: -3/28      AC:  5    Str: 10    XL:     3   Next: 37%
Magic:  0/6        EV: 12    Int: 16    God:
Gold:   89         SH:  0    Dex: 11    Spells: 2/6 levels left

rFire    . . .     SeeInvis .   m - -2 whip (curse)
rCold    . . .     Gourm    .   (no shield)
rNeg     . . .     Faith    .   (armour unavailable)
rPois    .         Spirit   .   (helmet restricted)
rElec    .         Reflect  .   (no cloak)
rCorr    .         Harm     .   (no gloves)
MR       .....                  (no boots)
Stlth    ++........             (no amulet)
HPRegen  0.09/turn              h - ring of wizardry
MPRegen  0.10/turn              (no ring)

@: no status effects
A: unfitting armour, cold-blooded, AC +5
a: no special abilities


You were on level 2 of the Dungeon.
You were not hungry.

You visited 1 branch of the dungeon, and saw 2 of its levels.

You collected 89 gold pieces.

Inventory:

Hand Weapons
 m - a cursed -2 whip (weapon)
Jewellery
 h - a ring of wizardry (left hand)
 o - an uncursed ring of stealth
Scrolls
 d - 2 scrolls of identify
 f - a scroll of fear {unknown}
 p - a scroll of teleportation
Potions
 a - a potion of cancellation {unknown}
 b - 2 potions of flight
 c - 2 potions of heal wounds {unknown}
 g - 2 potions of invisibility
 i - 2 potions of curing {unknown}
 j - a potion of mutation {unknown}
 k - a potion of haste {unknown}
 l - a potion of agility {unknown}
Comestibles
 e - a ration {!d}
 n - a chunk of flesh


   Skills:
 * Level 1.0 Fighting
 + Level 1.9 Dodging
 + Level 2.1 Stealth
 * Level 2.4 Spellcasting
 + Level 1.4 Conjurations
 * Level 3.5 Air Magic


You had 2 spell levels left.
You knew the following spells:

 Your Spells              Type           Power        Failure   Level  Hunger
a - Shock                 Conj/Air       ##...        2%          1    #......
b - Static Discharge      Air            ##......     6%          3    ###....

Your spell library contained the following spells:

 Spells                   Type           Power        Failure   Level  Hunger
 Swiftness                Chrm/Air       #.......     6%          2    ###....
 Airstrike                Air            ##........   19%         4    #####..
 Lightning Bolt           Conj/Air       ##........   58%         5    ######.


Dungeon Overview and Level Annotations

Branches:
Dungeon (2/12)

Altars:


Innate Abilities, Weirdness & Mutations

Your plain brown scales are hard. (AC +5)
You cannot fit into any form of body armour.
You are cold-blooded and may be slowed by cold attacks.


Message History

Casting: Static Discharge (safe; 6% risk of failure)
Confirm with . or Enter, or press ? or * to list all spells.
Some blue arcs ground themselves harmlessly.
The sky beast hits you but does no damage.
Unknown command.
Unknown command.
Unknown command.
Casting: Static Discharge (safe; 6% risk of failure)
Confirm with . or Enter, or press ? or * to list all spells.
You don't have enough magic to cast that spell.
Unknown command.
Unknown command.
You hit the sky beast but do no damage. You tail-slap the sky beast.
The sky beast is moderately wounded.
The sky beast flickers out of sight!
Deactivating autopickup; reactivate with Ctrl-A.
Something hits you.
* * * LOW HITPOINT WARNING * * *
Something shocks you.
You die...

...# #...###+###).##.#
#..... ..†#
##.##.....##....#####.....
...# #.#
#.#..#..#........... ...#
#.+ #.#.')########.....
.†.# ####.# #.#..#.#
###### ...#
.....##.....##.# ...#
......###+###..# ...#
...#..........## ####
......>...{@..#
...###.######.# #. #.# #.
#.# .. #.# #. #.# #. .# ..
.....


There were no monsters in sight!

Vanquished Creatures
  An ooze (D:2)
  2 dart slugs
  2 leopard geckos (D:2)
  5 bats
  4 giant cockroaches
  2 goblins (D:1)
  5 hobgoblins
  A frilled lizard (D:2)
  3 kobolds
  6 rats
31 creatures vanquished.

Notes
Turn   | Place    | Note
-------+----------+-------------------------------------------
     0 | D:1      | Morbidden the Draconian Air Elementalist began the quest
                  | for the Orb.
     0 | D:1      | Reached XP level 1. HP: 14/14 MP: 3/3
   413 | D:1      | Reached XP level 2. HP: 20/20 MP: 3/5
  1423 | D:2      | Noticed a sky beast
  1596 | D:2      | Reached XP level 3. HP: 27/27 MP: 6/6
  1841 | D:2      | Learned a level 3 spell: Static Discharge
  1925 | D:2      | Reached skill level 1 in Fighting
  2175 | D:2      | Slain by a sky beast

Skill      XL: |  1  2  3 |
---------------+----------+-----
Fighting       | 1 |  1.0
Dodging        | |  1.9
Stealth        | |  2.1
Spellcasting   | |  2.4
Conjurations   | |  1.4
Air Magic      | |  3.5

Action                   || total
-------------------------++-------
Melee: Unarmed           ||    23
       Tailslap          ||     9
       Whip              ||    39
 Cast: Shock             ||    46
       Static Discharge  ||     4
  Use: Scroll            ||     2
 Stab: Sleeping          ||     1
  Eat: Chunk             ||     5
Armor: Skin              ||    31
Dodge: Dodged            ||    59
